 Seeded DCSS version 0.25.1-8-g42b30a86e7 (webtiles) character file.

Game seed: 20201210 (custom seed)

39564 radhat240 the Brawler (level 13, 0/96 HPs)
             Began as a Troll Monk on Dec 15, 2020.
             Was the Champion of Makhleb.
             Slain by a tentacled starspawn (28 damage)
             ... on level 3 of the Abyss.
             The game lasted 01:04:32 (12921 turns).

radhat240 the Brawler (Troll Monk)                 Turns: 12921, Time: 01:04:32

Health: 0/96       AC: 12    Str: 32    XL:     13   Next: 69%
Magic:  13/15      EV: 12    Int:  9    God:    Makhleb [******]
Gold:   866        SH:  4    Dex: 12    Spells: 16/17 levels left

rFire    + + .     SeeInvis +     - Unarmed
rCold    x . .     Gourm    +   (no shield)
rNeg     . . .     Faith    .   K - +0 fire dragon scales
rPois    +         Spirit   .   G - +0 hat {Int+3}
rElec    +         Reflect  .   F - +2 cloak
rCorr    .         Harm     .   (gloves unavailable)
MR       .....                  (boots unavailable)
Stlth    +.........             g - amulet of regeneration
HPRegen  1.06/turn              C - ring of see invisible
MPRegen  0.14/turn              r - +6 ring of strength

@: corroded
A: large, unfitting armour, claws 3, large bone plates 1, [blurry vision 1],
fast metabolism 3, [frail 2], gourmand, poison resistance, regeneration 1,
shaggy fur 1, electricity resistance, tough skin 3, [no potion heal 1], subdued
magic 1
a: Minor Destruction, Lesser Servant of Makhleb, Major Destruction, Greater
Servant of Makhleb, Renounce Religion


You were on level 3 of the Abyss.
You worshipped Makhleb.
Makhleb was exalted by your worship.
You were completely stuffed.

You visited 2 branches of the dungeon, and saw 15 of its levels.
You visited the Abyss 1 time.
You also visited: Sewer and Bailey.

You collected 866 gold pieces.

Inventory:

Missiles
 l - 8 large rocks (quivered)
Armour
 a - a +2 robe
 f - a scarf of invisibility
 n - a scarf of invisibility
 E - a +4 troll leather armour
 F - a +2 cloak (worn)
 G - a +0 hat of intelligence (worn)
 K - +0 fire dragon scales (worn)
Jewellery
 d - an uncursed amulet of faith {unknown}
 g - an amulet of regeneration (around neck)
 m - an uncursed ring of protection from fire
 r - a +6 ring of strength (right claw)
 y - a cursed -4 ring of slaying {CURSED, unknown}
 A - a +6 ring of intelligence
 C - a ring of see invisible (left claw)
 D - a +4 ring of protection
Wands
 z - a wand of random effects (29)
 B - a wand of polymorph (17)
Scrolls
 c - 2 scrolls of magic mapping
 i - 5 scrolls of teleportation
 j - 4 scrolls of amnesia
 k - 9 scrolls of remove curse
 p - 3 scrolls of immolation
 w - 3 scrolls of noise
 x - 4 scrolls of enchant weapon
 J - a scroll of blinking
 L - 2 scrolls of identify
Potions
 e - a potion of curing
 h - a potion of brilliance {unknown}
 o - a potion of degeneration {unknown}
 q - 4 potions of haste {unknown}
 s - 3 potions of ambrosia
 t - 2 potions of magic
 u - 3 potions of might
 v - 3 potions of heal wounds
 I - a potion of mutation
Comestibles
 b - 38 rations


   Skills:
 + Level 6.0 Fighting
 + Level 4.1 Armour
 + Level 9.1 Dodging
 + Level 4.2 Stealth
 + Level 18.7 Unarmed Combat
 + Level 2.5 Spellcasting
 + Level 2.6 Translocations
 + Level 0.2 Invocations


You had 16 spell levels left.
You knew the following spells:

 Your Spells              Type           Power        Failure   Level  Hunger
a - Apportation           Tloc           #.....       21%         1    ##.....

Your spell library contained the following spells:

 Spells                   Type           Power        Failure   Level  Hunger
 Animate Skeleton         Necr           N/A          52%         1    ##.....
 Corona                   Hex            #......      52%         1    ##.....
 Summon Small Mammal      Summ           #...         52%         1    ##.....
 Passwall                 Tmut/Erth      #.......     67%         2    ###....
 Swiftness                Chrm/Air       #.......     67%         2    ###....
 Passage of Golubria      Tloc           N/A          91%         4    #####..
 Lee's Rapid Deconstruct  Erth           #.........   100%        5    ######.
 Darkness                 Hex            #.........   100%        6    #######
 Invisibility             Hex            #.......     100%        6    #######


Dungeon Overview and Level Annotations

Branches:
Dungeon (14/15)            Temple (1/1) D:6            Lair (0/6) D:9
    Orc (0/2) D:11         Vaults (0/5) D:14          Sewer (visited)
 Bailey (visited)

Altars:
Ashenzari
Dithmenos
Elyvilon
Fedhas
Gozag
Hepliaklqana
Kikubaaqudgha
Makhleb
Nemelex Xobeh
Okawaru
Qazlal
Ru
Sif Muna
Trog
Uskayaw
Vehumet
Wu Jian
Xom
Yredelemnul
Zin
The Shining One

Shops:
D:12 [   D:13 [:

Annotations:
D:9 Erica, Erolcha, Psyche
D:14 Louise


Innate Abilities, Weirdness & Mutations

You are too large for most types of armour.
You have claws for hands.
Your metabolism is lightning-fast.
You like to eat raw meat.
Your natural rate of healing is unusually fast.
You are covered in fur. (AC +1)
You have extremely tough skin. (AC +3)
You are partially covered in large bone plates. (SH +4)
Your system is resistant to poisons. (rPois)
You are resistant to electric shocks. (rElec)
Your spells are a little easier to cast, but a little less powerful.
[Scrolls take you a little longer to read.]
[You are very frail. (-20% HP)]
[Potions are less effective at restoring your health.]


Message History

* * * LOW HITPOINT WARNING * * *
Your system partially rejects the healing.
You feel much better. The ufetubus barely misses you.
The ufetubus hits you but does no damage.
A small abomination comes into view.
The brown very ugly thing pecks you.
You are splashed with acid.
* * * LOW HITPOINT WARNING * * *
The tentacled starspawn closely misses you. x2
The brown very ugly thing pecks you!
* * * LOW HITPOINT WARNING * * *
You are splashed with acid!
* * * LOW HITPOINT WARNING * * *
The ufetubus misses you.
The ufetubus hits you but does no damage.
Your system partially rejects the healing.
You feel much better. You block the ufetubus's attack.
The ufetubus closely misses you.
You block the brown very ugly thing's attack.
The tentacled starspawn bites you!!
You die...

. . .# ..# ..#
#..#.# .....
#.. .# ##....#
#.. #.#.....#
#.. #...#.# #
#.###.#...#.#
##X#.#.5.#...#
# ...#@u..# #
#.##X#.# ##
#..#
.#...#.####. #
..#......#.#..
. ##..#.#..##
#..... #......
.# #.#.#
#######.#...
.# . #[#.## #
.. .# # ....
... .#


You could see a brown very ugly thing, a tentacled starspawn and an ufetubus.

Vanquished Creatures
  A tentacled starspawn (Abyss:3)
  Gastronok (D:11)
  2 very ugly things (Abyss:3)
  Harold (D:7)
  A fire dragon (D:14)
  A hydra (D:11)
  A vault guard (D:14)
  A centaur warrior (D:13)
  An ogre mage (D:10)
  6 two-headed ogres
  A death yak (D:9)
  4 unseen horrors
  Pikel (D:5)
  2 deep elf magi
  2 cyclopes (D:12)
  A manticore (D:12)
  Joseph (D:8)
  A gargoyle (D:12)
  4 orange demons (D:13)
  6 centaur skeletons
  A shock serpent skeleton (Abyss:3)
  3 red devils (D:13)
  2 tengu conjurers (D:14)
  A troll (D:11)
  2 dream sheep (D:11)
  4 hippogriffs
  A centaur simulacrum (D:14)
  3 vampires
  A wraith (D:10)
  3 shadows
  A basilisk (D:9)
  3 wyverns
  30 yaks
  2 steam dragons
  4 vampire mosquitoes (D:12)
  2 hungry ghosts (D:11)
  A water moccasin (D:9)
  2 acid dragons
  2 ice beasts
  2 sky beasts
  19 orc warriors
  3 phantoms
  A black bear (D:7)
  6 ogres
  A black bear (shapeshifter) (Abyss:3)
  An eye of draining (D:11)
  A necrophage (D:11)
  2 centaurs
  5 crocodiles
  5 big kobolds
  A big kobold (shapeshifter) (D:14)
  A wyvern zombie (D:10)
  9 bullfrogs
  A wyvern skeleton (D:10)
  2 scorpions
  18 killer bees
  A troll zombie (D:11)
  3 wights (D:14)
  9 crimson imps
  2 centaur zombies (D:11)
  A jelly (D:5)
  4 quasits
  10 orc wizards
  8 hounds
  10 orc priests
  3 bullfrog skeletons
  5 iguanas
  8 worker ants
  7 ogre zombies (D:11)
  9 gnolls
  13 adders
  A howler monkey skeleton (D:10)
  2 shadow imps
  An ooze (D:2)
  2 adder skeletons
  5 worms
  4 dart slugs
  6 leopard geckos
  59 orcs
  6 ball pythons (Sewer)
  6 bats (D:1)
  8 giant cockroaches
  23 goblins
  35 hobgoblins
  10 jackals
  8 frilled lizards
  A goblin skeleton (D:11)
  2 goblin zombies (D:11)
  A hobgoblin skeleton (D:11)
  3 hobgoblin zombies (D:11)
  21 kobolds
  A leopard gecko skeleton (D:5)
  3 orc skeletons (D:11)
  15 orc zombies (D:11)
  12 rats
  9 plants
522 creatures vanquished.

Vanquished Creatures (others)
  5 starspawn tentacles (Abyss:3)
5 creatures vanquished.

Grand Total: 527 creatures vanquished

Notes
Turn   | Place    | Note
-------+----------+-------------------------------------------
     0 | D:1      | radhat240 the Troll Monk began the quest for the Orb.
     0 | D:1      | Reached XP level 1. HP: 22/22 MP: 0/0
   137 | D:1      | Reached XP level 2. HP: 23/29 MP: 1/1
   213 | D:1      | Reached XP level 3. HP: 17/36 MP: 2/2
   620 | D:2      | Reached skill level 4 in Unarmed Combat
   812 | D:2      | Reached XP level 4. HP: 44/44 MP: 3/3
   974 | D:2      | Found a radiant altar of Vehumet.
   975 | D:2      | Found a basalt altar of Yredelemnul.
   981 | D:2      | Found a shadowy altar of Dithmenos.
  1723 | D:3      | Reached XP level 5. HP: 51/52 MP: 4/4
  2260 | D:4      | Reached skill level 5 in Unarmed Combat
  2638 | D:4      | Noticed a moth of wrath
  2641 | D:4      | Found a bloodstained altar of Trog.
  2734 | D:5      | Entered Level 5 of the Dungeon
  2746 | D:5      | Reached XP level 6. HP: 59/59 MP: 5/5
  3005 | D:5      | Reached skill level 6 in Unarmed Combat
  3234 | D:5      | Noticed an ice beast
  3240 | D:5      | Killed an ice beast
  3240 | D:5      | Reached XP level 7. HP: 67/67 MP: 6/6
  3301 | D:5      | Noticed Pikel
  3311 | D:5      | HP: 2/67 [slave[Pikel] (2)]
  3312 | D:5      | Killed Pikel
  3312 | D:5      | Reached skill level 7 in Unarmed Combat
  3312 | D:5      | Reached XP level 8. HP: 2/75 MP: 7/7
  3739 | D:6      | Found a staircase to the Ecumenical Temple.
  3755 | D:6      | Found a glowing drain.
  3793 | Sewer    | Entered a sewer
  4517 | D:6      | Found a shattered altar of Ashenzari.
  4572 | D:6      | Reached skill level 8 in Unarmed Combat
  4597 | Temple   | Entered the Ecumenical Temple
  4677 | Temple   | Became a worshipper of Makhleb the Destroyer
  4677 | Temple   | Reached * piety under Makhleb
  4677 | Temple   | Reached ** piety under Makhleb
  4778 | D:6      | Reached skill level 5 in Dodging
  4935 | D:6      | Found an ancient bone altar of Kikubaaqudgha.
  4951 | D:6      | Learned a level 1 spell: Apportation
  5045 | D:6      | Reached skill level 9 in Unarmed Combat
  5401 | D:7      | Noticed Harold
  5407 | D:7      | Killed Harold
  5407 | D:7      | Reached skill level 1 in Spellcasting
  5407 | D:7      | Reached skill level 1 in Translocations
  5407 | D:7      | Reached XP level 9. HP: 84/84 MP: 7/9
  5544 | D:7      | Reached skill level 10 in Unarmed Combat
  5717 | D:7      | Found a sacrificial altar of Ru.
  5731 | D:7      | Found a white marble altar of Elyvilon.
  6524 | D:8      | Noticed Joseph
  6528 | D:8      | Killed Joseph
  6558 | D:8      | Found a flagged portal.
  6558 | D:8      | Noticed a two-headed ogre
  6563 | D:8      | Noticed a two-headed ogre
  6572 | D:8      | Killed a two-headed ogre
  6572 | D:8      | Reached XP level 10. HP: 52/92 MP: 11/11
  6577 | D:8      | Killed a two-headed ogre
  6577 | D:8      | Reached skill level 11 in Unarmed Combat
  6594 | Bailey   | Entered a bailey
  6664 | Bailey   | Reached *** piety under Makhleb
  6863 | Bailey   | Reached **** piety under Makhleb
  6888 | Bailey   | Noticed an orc knight
  6888 | Bailey   | Noticed an orc warlord
  6888 | Bailey   | Noticed an orc knight
  7198 | D:8      | Identified 2 scrolls of acquirement
  7198 | D:8      | Acquired a manual of Unarmed Combat
  7200 | D:8      | Acquired a scarf of invisibility
  7289 | D:8      | Reached skill level 12 in Unarmed Combat
  7365 | D:8      | Gained mutation: Your spells are a little easier to cast,
                  | but a little less powerful. [potion of mutation]
  7365 | D:8      | Gained mutation: You are partially covered in large bone
                  | plates. (SH +4) [potion of mutation]
  7365 | D:8      | Gained mutation: You are resistant to electric shocks.
                  | (rElec) [potion of mutation]
  7365 | D:8      | Gained mutation: Your system is resistant to poisons.
                  | (rPois) [potion of mutation]
  7707 | D:9      | Noticed a death yak
  7720 | D:9      | Killed a death yak
  7756 | D:9      | Found a staircase to the Lair.
  7821 | D:9      | Noticed Erolcha
  7831 | D:9      | Reached XP level 11. HP: 51/101 MP: 13/13
  8127 | D:9      | Noticed Erica
  8134 | D:9      | Noticed Psyche
  8237 | D:10     | Entered Level 10 of the Dungeon
  8272 | D:10     | Reached skill level 13 in Unarmed Combat
  8701 | D:10     | Reached skill level 5 in Fighting
  8779 | D:10     | Reached ***** piety under Makhleb
  8795 | D:10     | Reached skill level 14 in Unarmed Combat
  9022 | D:10     | Noticed an unseen horror
  9039 | D:10     | Killed an unseen horror
  9066 | D:10     | Noticed a deep elf mage
  9068 | D:10     | Noticed an ogre mage
  9076 | D:10     | Killed a deep elf mage
  9081 | D:10     | Killed an ogre mage
  9308 | D:11     | Reached skill level 15 in Unarmed Combat
  9469 | D:11     | Noticed a two-headed hydra
  9475 | D:11     | Killed a six-headed hydra
  9522 | D:11     | Found a staircase to the Orcish Mines.
  9539 | D:11     | Reached XP level 12. HP: 111/111 MP: 14/14
  9628 | D:11     | Reached skill level 16 in Unarmed Combat
  9884 | D:11     | Reached skill level 1 in Armour
 10052 | D:11     | Noticed Gastronok
 10066 | D:11     | Killed Gastronok
 10249 | D:11     | Noticed a two-headed ogre
 10255 | D:11     | Killed a two-headed ogre
 10560 | D:12     | Reached skill level 17 in Unarmed Combat
 10648 | D:12     | Reached ****** piety under Makhleb
 10801 | D:12     | Found an opulent altar of Gozag.
 11046 | D:12     | Noticed a two-headed ogre
 11060 | D:12     | Killed a two-headed ogre
 11108 | D:12     | Found Futronu's Armour Boutique.
 11230 | D:12     | Reached XP level 13. HP: 103/120 MP: 15/15
 11728 | D:13     | Found Emyit's Book Boutique.
 11820 | D:13     | Reached skill level 18 in Unarmed Combat
 11967 | D:13     | Found Kot Dyt's Antique Armour Shoppe.
 12425 | D:14     | Noticed a fire dragon
 12431 | D:14     | Killed a fire dragon
 12622 | D:14     | Found a gate to the Vaults.
 12746 | D:14     | Noticed Louise
 12752 | D:14     | Cast into level 3 of the Abyss (Louise)
 12774 | Abyss:3  | Noticed a tentacled starspawn
 12784 | Abyss:3  | Found a roughly hewn altar of Beogh.
 12836 | Abyss:3  | Killed a tentacled starspawn
 12889 | Abyss:3  | Noticed a brown very ugly thing
 12890 | Abyss:3  | Noticed a brown very ugly thing
 12890 | Abyss:3  | Noticed a brown very ugly thing
 12902 | Abyss:3  | Killed a brown very ugly thing
 12909 | Abyss:3  | Noticed a tentacled starspawn
 12912 | Abyss:3  | Killed a purple very ugly thing
 12921 | Abyss:3  | Slain by a tentacled starspawn

Illustrated notes

Levels and vault maps discovered:
D:1:      dpeg_arrival_snail, layout_basic
D:2:      layout_basic, chequers_temple_overflow_statue_of_worship,
          minmay_hedge_maze, minmay_misc_feat_five
D:3:      layout_basic
D:4:      layout_loops_ring, tgw_trog, first_ration, minmay_distorted
D:5:      layout_basic, kennysheep_nub, minmay_fractal_squares_diagonal_5,
          uniq_pikel
D:6:      layout_loops_ring, kennysheep_mini_moat,
          minmay_temple_entry_overgrown, gup_sewer_entry_glass,
          cheibrodos_ashenzari_chains
D:7:      layout_layer_cave, nicolae_overflow_crystal_walls,
          lemuel_doored_altar, uniq_harold
D:8:      layout_rooms, enter_bailey_6, uniq_joseph
D:9:      layout_layer_cave, cheibriados_altar_1, david_lair_generic,
          uniq_psyche, uniq_erica, uniq_erolcha
D:10:     minmay_slanted_spiral_squares, layout_loops_ring
D:11:     layout_long_grid, zombieorc2_lemuel, hangedman_ranch
          [blue_anna_fruit_fields], uniq_gastronok
D:12:     layout_loops_ring, serial_shops, shop, chequers_avenue,
          nicolae_gozag_seed_capital
D:13:     layout_basic, serial_shops, shop, nicolae_shop_crystal,
          minmay_beelzebubs_servants
D:14:     layout_grid_maze, david_vaults_5, minmay_misc_feat_room, uniq_louise
Temple:   eino_narrow_crystal_temple
Abyss:3:  base: D:12, evilmike_abyss_exit_smiterflies,
          evilmike_abyss_exit_smiterflies, nicolae_abyss_rune_left_handed

Skill      XL: |  1  2  3  4  5  6  7  8  9 10 11 12 13 |
---------------+----------------------------------------+-----
Unarmed Combat | 4 5 6 7 9 10 12 15 17 18 | 18.7
Dodging        | 3 4 5 6 7 8 9 |  9.1
Fighting       | 3 4 5 6 |  6.0
Stealth        | 2 3 4 |  4.2
Spellcasting   | 1 2 |  2.5
Translocations | 1 2 |  2.6
Armour         | 3 4 |  4.1
Invocations    | |  0.2

Action                   |  1- 3 |  4- 6 |  7- 9 | 10-12 | 13-15 || total
-------------------------+-------+-------+-------+-------+-------++-------
Melee: Unarmed           |   106 |   190 |   231 |   768 |   191 ||  1486
       Punch             |       |     5 |    15 |    57 |    26 ||   103
 Cast: Apportation       |       |       |     2 |    14 |       ||    16
Invok: Lesser Servant of |       |       |       |     1 |       ||     1
  Use: Scroll            |     3 |       |     4 |    24 |     4 ||    35
       Potion            |       |       |     1 |     3 |     2 ||     6
 Stab: Sleeping          |       |     3 |     4 |     4 |       ||    11
       Distracted        |       |       |       |     2 |       ||     2
  Eat: Chunk             |    13 |    22 |    27 |    56 |    15 ||   133
Armor: Robe              |    56 |    83 |    73 |    90 |       ||   302
       Troll leather arm |       |       |       |    60 |    42 ||   102
       Fire dragon scale |       |       |       |       |    25 ||    25
Dodge: Dodged            |    61 |   148 |   135 |   422 |    91 ||   857
Block: Other             |       |       |       |    96 |    26 ||   122
